 Dungeon Crawl Stone Soup version 0.31.0-11-ge490571c62 (webtiles) character file.

Game seed: 16958311564098052960

36929 qw the Spry (level 13, -4/67 HPs)
             Began as a Spriggan Hunter on Feb 4, 2024.
             Was a High Priest of Okawaru.
             Slain by a spriggan rider
             ... wielding a +0 spear
              (18 damage)
             ... on level 5 of the Lair of Beasts.
             The game lasted 00:01:24 (13801 turns).

qw the Spry (Spriggan Hunter)                      Turns: 13801, Time: 00:01:25

Health: -4/67      AC: 13    Str:  7    XL:     13   Next: 55%
Magic:  16/21      EV: 40    Int: 11    God:    Okawaru [*****.]
Gold:   708        SH:  0    Dex: 23    Spells: 12/12 levels left

rFire   + . .        j - +2 arbalest (flame)
rCold   + . .        (shield currently unavailable)
rNeg    . . .        p - +4 steam dragon scales
rPois   .            (helmet restricted)
rElec   .            n - scarf {rC+ rF+}
rCorr   .            (gloves unavailable)
SInv    +            (boots unavailable)
Will    ++...        (no amulet)
Stlth   ++           h - +5 ring of evasion
HPRegen 0.31/turn    c - +4 ring of protection
MPRegen 0.17/turn

%: no passive effects
@: lethally poisoned (-4 -> -9), finesse-ful, slowed, quick
A: very small, no large weapons, unfitting armour, see invisible, speed 3
a: Renounce Religion, Heroism, Finesse, Duel


You were on level 5 of the Lair of Beasts.
You worshipped Okawaru.
Okawaru was extremely pleased with you.
You visited 3 branches of the dungeon, and saw 16 of its levels.
You also visited: Sewer and Gauntlet.

You collected 961 gold pieces.
You spent 253 gold pieces at shops.


Innate Abilities, Weirdness & Mutations

You are very small and have problems with some larger weapons.
You are too small for most types of armour.
You have supernaturally acute eyesight. (SInv)
You cover ground extremely quickly. (Speed+++)


   Skills:
 - Level 7.0 Fighting
 + Level 16.1 Ranged Weapons
 - Level 1.0 Armour
 - Level 17.0 Dodging
 - Level 1.5 Stealth
 + Level 9.5 Invocations


You had 12 spell levels left.
You didn't know any spells.
Your spell library was empty.

Inventory:

Hand Weapons
 j - a +2 arbalest of flaming (weapon)
Armour
 n - a scarf of resistance (worn)
 p - +4 steam dragon scales (worn)
 q - a +0 cloak
Jewellery
 c - a +4 ring of protection (right hand)
 f - an amulet of guardian spirit
 h - a +5 ring of evasion (left hand)
Wands
 a - a wand of digging (6)
 k - a wand of quicksilver (18)
 l - a wand of polymorph (21)
 o - a wand of roots (7)
Scrolls
 g - 9 scrolls of teleportation
 r - a scroll of identify
Potions
 b - 4 potions of heal wounds
 d - 4 potions of enlightenment
 e - 3 potions of curing
 i - 2 potions of might
 m - a potion of cancellation
 s - 4 potions of mutation

Dungeon Overview and Level Annotations

Branches:
Dungeon (10/15)            Temple (1/1) D:5            Lair (5/5) D:9
 Shoals (0/4) Lair:3        Snake (0/4) Lair:2        Slime (0/5) Lair:5
  Sewer (visited)         Gauntlet (visited)
    Orc: D:9-12

Altars:
Ashenzari
Cheibriados
Dithmenos
Elyvilon
Fedhas
Gozag
Hepliaklqana
Kikubaaqudgha
Makhleb
Nemelex Xobeh
Okawaru
Qazlal
Ru
Sif Muna
Trog
Uskayaw
Vehumet
Wu Jian
Xom
Yredelemnul
Zin
The Shining One
Jiyva

Shops:
D:1 *   D:5 ([?[   D:6 (

Annotations:
Lair:1 3 runed translucent doors, exclusion: oklob plant, qw's ghost, novice SpHu


Message History

You shoot a bolt. The spriggan rider blocks the bolt.
The spriggan rider shouts!
You hear an angry buzzing noise.
You shoot a bolt. The bolt hits the spriggan rider!
The bolt burns the spriggan rider.
The spriggan rider is moderately wounded.
You shoot a bolt. The spriggan rider blocks the bolt.
You shoot a bolt.
The bolt barely misses the spriggan rider.
The spriggan rider hits you from afar with a +0 spear!
You shoot a bolt. The spriggan rider blocks the bolt.
The spriggan rider completely misses you.
A hornet comes into view.
The spriggan rider hits you from afar with a +0 spear!
You shoot a bolt.
The bolt barely misses the spriggan rider.
The spriggan rider closely misses you.
You shoot a bolt. The bolt misses the spriggan rider.
The bolt closely misses the hornet.
The spriggan rider completely misses you.
You shoot a bolt. The bolt hits the spriggan rider.
The bolt burns the spriggan rider.
The spriggan rider is lightly wounded.
The spriggan rider hits you from afar with a +0 spear.
You shoot a bolt. The bolt hits the spriggan rider!!
The bolt burns the spriggan rider.
The spriggan rider is heavily wounded.
The spriggan rider completely misses you.
The hornet stings you!
You are poisoned.
You feel yourself slow down.
Enter note:
Enter note:
Enter note:
13801 ||| INVOKING Finesse.
You can now deal lightning-fast blows.
You feel very sick. The hornet completely misses you.
The spriggan rider hits you from afar with a +0 spear!!
You die...

.....#.......#..#...#.....###....
.....#.....#.....#..#.....##.....
#..#..#........>..##......#..P...
....... ##......##....#.##....P
....... #..#.....##.######.....
#.....#..##..###.......
...####)##.#....#PP...###
....#####.#####.....%..##
.........iy@%...(.PP..###
......##...#...#..#....#
###......#...#.#.......#.#
.###P#P.....#.....#..#....###
...#.......###.........##.#
.#.........# #.........####
.....<.....###.......P..
.....%.................
PP.#.........(#........


You could see a spriggan rider and a hornet.

Vanquished Creatures
  Rupert (Lair:4)
  A minotaur (Gauntlet)
  A hydra (Lair:5)
  A catoblepas (Lair:4)
  2 anacondas (Lair:4)
  3 death yaks (Lair:4)
  Sonja (Lair:2)
  A sixfirhy (Gauntlet)
  A necromancer (Gauntlet)
  An oklob plant (Lair:3)
  A salamander (Lair:2)
  4 black mambas
  A merfolk siren (Lair:3)
  8 elephants (Lair:4)
  An apocalypse crab (Gauntlet)
  A torpor snail (Lair:1)
  A minotaur zombie (Gauntlet)
  10 cane toads
  A rime drake (Lair:4)
  5 komodo dragons
  2 trolls
  3 hornets
  Grinder (D:4)
  4 polar bears
  8 dream sheep
  5 blink frogs (Lair:3)
  A spriggan (Lair:5)
  Sigmund (D:3)
  6 wyverns
  21 yaks
  3 basilisks
  A steam dragon (D:8)
  Edmund (D:4)
  16 water moccasins
  An acid dragon (D:10)
  5 ice beasts
  2 orc warriors
  4 black bears
  13 wolves
  3 centaurs
  3 kobold brigands
  Blork the orc (D:5)
  8 bullfrogs
  A brain worm (Sewer)
  2 gnoll sergeants
  4 scorpions
  4 wights (D:8)
  5 killer bees (D:9)
  8 howler monkeys
  A bombardier beetle (D:2)
  2 lava snakes (Lair:2)
  4 hounds
  18 jellies
  2 gnoll boudas (D:5)
  Ijyb (D:4)
  Natasha (thrice) (D:2)
  2 orc priests
  Jessica (D:3)
  4 iguanas
  11 orc wizards
  Robin (D:4)
  18 gnolls
  5 river rats (Sewer)
  9 adders
  A shadow imp (D:7)
  A white imp (D:5)
  2 ufetubi (Gauntlet)
  4 dart slugs
  5 ribbon worms
  26 orcs
  16 bats
  12 endoplasms
  3 giant cockroaches
  18 goblins
  12 hobgoblins
  9 jackals
  28 kobolds
  9 quokkas
  11 ball pythons
  5 frilled lizards
  3 rats
430 creatures vanquished.

Notes
Turn   | Place    | Note
-------+----------+-------------------------------------------
     0 | D:1      | qw the Spriggan Hunter began the quest for the Orb.
     0 | D:1      | Reached XP level 1. HP: 10/10 MP: 2/2
     0 | D:1      | 0 ||| qw: Version: 0.3-a-160-g6735b56
     0 | D:1      | 0 ||| qw: Game counter: 5620
     0 | D:1      | 0 ||| qw: Melee chars always use a shield: true
     0 | D:1      | 0 ||| qw: God list: Okawaru
     0 | D:1      | 0 ||| qw: Allow faded altars: false
     0 | D:1      | 0 ||| qw: Do Orc after clearing Dungeon:15 true
     0 | D:1      | 0 ||| qw: Do second Lair branch before Depths: true
     0 | D:1      | 0 ||| qw: Lair rune preference: random
     0 | D:1      | 0 ||| qw: Goals: Normal
     0 | D:1      | 0 ||| PLANNING D:1-11
    20 | D:1      | Reached skill level 3 in Dodging
   146 | D:1      | Reached XP level 2. HP: 13/14 MP: 3/3
   170 | D:1      | Reached skill level 4 in Dodging
   337 | D:1      | Found Cyoda's General Store.
   347 | D:1      | 347 ||| SHOPLISTING scroll of enchant armour (82 gold, have
                  | 28).
   907 | D:1      | Reached XP level 3. HP: 18/18 MP: 4/4
  1001 | D:1      | 1001 ||| READING 4 scrolls labelled LUKUDD YPIBB.
  1001 | D:1      | 1001 ||| IDENTIFYING smoky brown potion
  1002 | D:1      | 1002 ||| READING 3 scrolls of identify.
  1002 | D:1      | 1002 ||| IDENTIFYING lumpy blue potion
  1003 | D:1      | 1003 ||| DROPPING scroll of butterflies.
  1004 | D:1      | 1004 ||| DROPPING potion of brilliance.
  1096 | D:2      | HP: 4/18 [hobgoblin (4)]
  1325 | D:2      | Noticed Natasha
  1337 | D:2      | Killed Natasha
  1387 | D:2      | Reached XP level 4. HP: 22/22 MP: 5/5
  1525 | D:2      | Reached skill level 5 in Dodging
  1684 | D:2      | Noticed Natasha
  1690 | D:2      | Killed Natasha
  1702 | D:2      | Noticed Natasha
  1704 | D:2      | 1704 ||| FLEEEEING.
  1705 | D:2      | 1705 ||| FLEEEEING.
  1706 | D:2      | 1706 ||| FLEEEEING.
  1707 | D:2      | 1707 ||| FLEEEEING.
  1708 | D:2      | 1708 ||| FLEEEEING.
  1715 | D:2      | Killed Natasha
  1716 | D:2      | Reached XP level 5. HP: 22/26 MP: 6/6
  1821 | D:2      | 1821 ||| UPGRADING to amulet of guardian spirit.
  1826 | D:2      | 1826 ||| UPGRADING to +5 ring of evasion.
  1827 | D:2      | 1827 ||| READING 2 scrolls of identify.
  1827 | D:2      | 1827 ||| IDENTIFYING fizzy dark potion
  1828 | D:2      | 1828 ||| READING scroll of identify.
  1828 | D:2      | 1828 ||| IDENTIFYING fuming puce potion
  1829 | D:2      | 1829 ||| READING scroll labelled DUALOUMA ZUAGUCU.
  1829 | D:2      | 1829 ||| ENCHANTING +0 shortbow.
  1830 | D:2      | 1830 ||| READING scroll labelled ALYECV NENIP.
  1831 | D:2      | 1831 ||| READING scroll labelled NYHUYT FIUXT.
  1832 | D:2      | 1832 ||| DRINKING 4 emerald potions.
  1833 | D:2      | 1833 ||| DROPPING potion of lignification.
  1834 | D:2      | 1834 ||| DROPPING potion of magic.
  1847 | D:3      | 1847 ||| PLANNING SEWER
  1848 | D:3      | Noticed Sigmund
  1849 | D:3      | 1849 ||| ZAPPING wand of quicksilver (15) at 4,-5 (Sigmund;
                  | floor).
  1850 | D:3      | 1850 ||| ZAPPING wand of quicksilver (14) at 3,-4 (Sigmund;
                  | floor).
  1850 | D:3      | Killed Sigmund
  1851 | D:3      | Reached skill level 6 in Ranged Weapons
  1851 | D:3      | Reached XP level 6. HP: 30/30 MP: 7/7
  2091 | D:3      | 2091 ||| FLEEEEING.
  2262 | D:3      | Found a glowing drain.
  2263 | D:3      | 2263 ||| DROPPING +6 ring of intelligence.
  2264 | D:3      | 2264 ||| READING 2 scrolls of identify.
  2264 | D:3      | 2264 ||| IDENTIFYING gluggy clear potion
  2265 | D:3      | 2265 ||| READING scroll of identify.
  2265 | D:3      | 2265 ||| IDENTIFYING scroll labelled QEIWNO TIB ARR
  2266 | D:3      | 2266 ||| READING scroll labelled YDEIM YHATUE.
  2267 | D:3      | 2267 ||| DROPPING potion of attraction.
  2277 | Sewer    | Entered a sewer
  2476 | Sewer    | Reached skill level 6 in Dodging
  2642 | Sewer    | Reached XP level 7. HP: 35/35 MP: 8/8
  2832 | Sewer    | 2832 ||| READING scroll labelled ZISALU YRHAT.
  2833 | Sewer    | 2833 ||| READING scroll labelled WEDUNOU EREO.
  2956 | D:3      | 2956 ||| PLANNING D:1-11
  3121 | D:3      | Noticed Jessica
  3125 | D:3      | Killed Jessica
  3404 | D:3      | Found a bloodstained altar of Trog.
  3404 | D:3      | Found a sacrificial altar of Ru.
  3404 | D:3      | Found an ornate altar of the Wu Jian Council.
  3404 | D:3      | Found a snail-covered altar of Cheibriados.
  3404 | D:3      | Found a snail-covered altar of Cheibriados.
  3404 | D:3      | Found a hide-covered altar of Uskayaw.
  3407 | D:3      | Reached skill level 7 in Dodging
  3515 | D:3      | 3515 ||| READING 3 scrolls of identify.
  3515 | D:3      | 3515 ||| IDENTIFYING ruby potion
  3516 | D:3      | 3516 ||| READING 2 scrolls of identify.
  3516 | D:3      | 3516 ||| IDENTIFYING amethyst potion
  3517 | D:3      | 3517 ||| READING scroll of identify.
  3517 | D:3      | 3517 ||| IDENTIFYING scroll labelled CUESIAF OSOCS
  3517 | D:3      | Identified a scroll of acquirement
  3518 | D:3      | 3518 ||| READING scroll of acquirement.
  3518 | D:3      | 3518 ||| ACQUIRING +2 arbalest of flaming
  3518 | D:3      | Acquired a +2 arbalest of flaming
  3520 | D:3      | 3520 ||| SWAPPING to +2 arbalest of flaming.
  3521 | D:3      | 3521 ||| DROPPING +0 shortbow.
  3522 | D:3      | 3522 ||| DROPPING potion of invisibility.
  3551 | D:4      | Noticed Edmund
  3556 | D:4      | Killed Edmund
  3746 | D:4      | Noticed Ijyb
  3751 | D:4      | Killed Ijyb
  3911 | D:4      | Noticed Robin
  3913 | D:4      | Killed Robin
  3969 | D:4      | Noticed Grinder
  3970 | D:4      | 3970 ||| ZAPPING wand of quicksilver (13) at -1,-6
                  | (Grinder; floor).
  3971 | D:4      | 3971 ||| ZAPPING wand of quicksilver (12) at -1,-5
                  | (Grinder; floor).
  3972 | D:4      | 3972 ||| ZAPPING wand of quicksilver (11) at -1,-4
                  | (Grinder; floor).
  3973 | D:4      | 3973 ||| ZAPPING wand of quicksilver (10) at -1,-3
                  | (Grinder; floor).
  3973 | D:4      | Killed Grinder
  3974 | D:4      | Reached XP level 8. HP: 42/42 MP: 9/9
  4280 | D:4      | 4280 ||| UPGRADING to scarf of resistance.
  4285 | D:4      | 4285 ||| UPGRADING to +2 animal skin.
  4295 | D:4      | 4295 ||| DROPPING +0 robe.
  4296 | D:4      | 4296 ||| READING 2 scrolls of identify.
  4296 | D:4      | 4296 ||| IDENTIFYING scroll labelled BUOQU HIAPHO
  4297 | D:4      | 4297 ||| DROPPING scroll of revelation.
  4317 | D:5      | Entered Level 5 of the Dungeon
  4318 | D:5      | Found Faiv's Antique Armour Shoppe.
  4346 | D:5      | Reached skill level 8 in Dodging
  4357 | D:5      | Found Soliovew's Weapon Boutique.
  4374 | D:5      | Found a staircase to the Ecumenical Temple.
  4375 | D:5      | 4375 ||| PLANNING TEMPLE
  4383 | Temple   | Found a transporter.
  4383 | Temple   | Found a transporter.
  4383 | Temple   | Found a transporter.
  4383 | Temple   | Found a transporter.
  4383 | Temple   | Entered the Ecumenical Temple
  4384 | Temple   | 4384 ||| PLANNING D:1-11
  4556 | D:5      | 4556 ||| RETREEEEATING.
  4558 | D:5      | 4558 ||| RETREEEEATING.
  4560 | D:5      | Reached skill level 9 in Ranged Weapons
  4574 | D:5      | Reached skill level 9 in Dodging
  4744 | D:5      | Found The Oracle's Delphic Readings.
  4748 | D:5      | 4748 ||| BUYING scroll of enchant armour (97 gold).
  4748 | D:5      | Bought a scroll of enchant armour for 97 gold pieces
  4748 | D:5      | 4748 ||| BUYING scroll of identify (26 gold).
  4748 | D:5      | Bought a scroll of identify for 26 gold pieces
  4840 | D:5      | Found Nutuips's Antique Armour Shoppe.
  4848 | D:5      | 4848 ||| BUYING cloak (130 gold).
  4848 | D:5      | Bought a cloak for 130 gold pieces
  4848 | D:5      | 4848 ||| SHOPLISTING runed hat (203 gold, have 37).
  4861 | D:5      | Noticed Blork the orc
  4867 | D:5      | Killed Blork the orc
  5041 | D:5      | 5041 ||| READING 2 scrolls of identify.
  5041 | D:5      | 5041 ||| IDENTIFYING viscous white potion
  5042 | D:5      | 5042 ||| DRINKING potion of experience.
  5042 | D:5      | Reached XP level 9. HP: 45/45 MP: 10/10
  5043 | D:5      | 5043 ||| DROPPING wand of flame (21).
  5070 | D:6      | Reached XP level 10. HP: 49/49 MP: 11/11
  5082 | D:6      | Found an ancient bone altar of Kikubaaqudgha.
  5154 | D:6      | Found Qaripiub's Weapon Emporium.
  5193 | D:6      | Found a hazy altar of Hepliaklqana.
  5358 | D:6      | Reached skill level 10 in Dodging
  5714 | D:6      | 5714 ||| UPGRADING to +4 ring of protection.
  5715 | D:6      | 5715 ||| DROPPING ring of ice.
  5716 | D:6      | 5716 ||| DROPPING ring of willpower.
  5717 | D:6      | 5717 ||| READING 2 scrolls of identify.
  5717 | D:6      | 5717 ||| IDENTIFYING bubbling amethyst potion
  5718 | D:6      | 5718 ||| READING scroll of identify.
  5718 | D:6      | 5718 ||| IDENTIFYING scroll labelled NADOBR VETUHAU
  5719 | D:6      | 5719 ||| DROPPING scroll of noise.
  5755 | D:7      | 5755 ||| STAIRDANCE
  5764 | D:7      | Reached skill level 11 in Dodging
  5847 | D:7      | Found a radiant altar of Vehumet.
  6425 | D:7      | 6425 ||| READING scroll labelled LUITRU YVYEQORCHUYH.
  6582 | D:8      | Reached skill level 12 in Dodging
  6923 | D:8      | Found a shimmering altar of Xom.
  6924 | D:8      | Found an ornate altar of the Wu Jian Council.
  6924 | D:8      | Found a stormy altar of Qazlal.
  7286 | D:8      | Found a white marble altar of Elyvilon.
  7318 | D:8      | 7318 ||| UPGRADING to +2 robe of cold resistance.
  7328 | D:8      | 7328 ||| DROPPING +2 animal skin.
  7329 | D:8      | 7329 ||| UPGRADING to +0 steam dragon scales.
  7339 | D:8      | 7339 ||| READING 3 scrolls of enchant armour.
  7339 | D:8      | 7339 ||| ENCHANTING +0 steam dragon scales.
  7340 | D:8      | 7340 ||| DROPPING +2 robe of cold resistance.
  7341 | D:8      | 7341 ||| READING 2 scrolls of enchant armour.
  7341 | D:8      | 7341 ||| ENCHANTING +1 steam dragon scales.
  7342 | D:8      | 7342 ||| READING scroll of enchant armour.
  7342 | D:8      | 7342 ||| ENCHANTING +2 steam dragon scales.
  7382 | D:9      | 7382 ||| STAIRDANCE
  7394 | D:9      | 7394 ||| STAIRDANCE
  7399 | D:9      | 7399 ||| STAIRDANCE
  7429 | D:9      | 7429 ||| RETREEEEATING.
  7437 | D:9      | Reached skill level 1 in Armour
  7486 | D:9      | Reached XP level 11. HP: 55/55 MP: 12/12
  7492 | D:9      | 7492 ||| FLEEEEING.
  7493 | D:9      | 7493 ||| FLEEEEING.
  7496 | D:9      | 7496 ||| FLEEEEING.
  7497 | D:9      | 7497 ||| FLEEEEING.
  7498 | D:9      | 7498 ||| FLEEEEING.
  7499 | D:9      | 7499 ||| FLEEEEING.
  7500 | D:9      | 7500 ||| FLEEEEING.
  7501 | D:9      | 7501 ||| FLEEEEING.
  7502 | D:9      | 7502 ||| FLEEEEING.
  7503 | D:9      | 7503 ||| FLEEEEING.
  7504 | D:9      | 7504 ||| FLEEEEING.
  7506 | D:9      | 7506 ||| FLEEEEING.
  7509 | D:9      | 7509 ||| FLEEEEING.
  7510 | D:9      | 7510 ||| FLEEEEING.
  7512 | D:9      | 7512 ||| FLEEEEING.
  7513 | D:9      | 7513 ||| FLEEEEING.
  7514 | D:9      | 7514 ||| FLEEEEING.
  7563 | D:9      | Reached skill level 13 in Dodging
  7899 | D:9      | Found a staircase to the Lair.
  8090 | D:10     | Entered Level 10 of the Dungeon
  8097 | D:10     | 8097 ||| STAIRDANCE
  8103 | D:10     | 8103 ||| STAIRDANCE
  8274 | D:10     | Found an iron altar of Okawaru.
  8275 | D:10     | 8275 ||| PLANNING OKAWARU WORSHIP
  8366 | D:10     | Became a worshipper of Warmaster Okawaru
  8367 | D:10     | 8367 ||| PLANNING D:1-11
  8367 | D:10     | 8367 ||| REMOVING amulet of guardian spirit.
  8675 | D:10     | Found a broken altar of Ashenzari.
  8680 | D:10     | Found a shadowy altar of Dithmenos.
  8683 | D:10     | Found a shimmering blue altar of Sif Muna.
  8683 | D:10     | Found a sacrificial altar of Ru.
  8690 | D:10     | Found a snail-covered altar of Cheibriados.
  8823 | D:10     | 8823 ||| PLANNING LAIR
  8823 | D:10     | 8823 ||| DROPPING ring of resist corrosion.
  8824 | D:10     | 8824 ||| READING scroll of identify.
  8824 | D:10     | 8824 ||| IDENTIFYING clear potion
  8845 | Lair:1   | Entered Level 1 of the Lair of Beasts
  8874 | Lair:1   | 8874 ||| RETREEEEATING.
  8888 | Lair:1   | 8888 ||| RETREEEEATING.
  8890 | Lair:1   | 8890 ||| RETREEEEATING.
  8892 | Lair:1   | 8892 ||| RETREEEEATING.
  8893 | Lair:1   | 8893 ||| RETREEEEATING.
  8894 | Lair:1   | 8894 ||| RETREEEEATING.
  8895 | Lair:1   | 8895 ||| RETREEEEATING.
  8901 | Lair:1   | Reached skill level 14 in Dodging
  8903 | Lair:1   | Reached * piety under Okawaru
  8908 | Lair:1   | Reached skill level 1 in Invocations
  9101 | Lair:1   | Found a runed translucent gate.
  9101 | Lair:1   | Found a runed translucent gate.
  9101 | Lair:1   | Found a runed translucent gate.
  9104 | Lair:1   | Found a viscous altar of Jiyva.
  9104 | Lair:1   | Noticed qw's ghost (novice SpHu)
  9145 | Lair:1   | Reached ** piety under Okawaru
  9226 | Lair:1   | Reached skill level 6 in Fighting
  9226 | Lair:1   | Reached skill level 3 in Invocations
  9226 | Lair:1   | Noticed an oklob plant
  9227 | Lair:1   | 9227 ||| INVOKING Heroism.
  9343 | Lair:1   | 9343 ||| READING scroll of identify.
  9343 | Lair:1   | 9343 ||| IDENTIFYING orange potion
  9702 | Lair:2   | Noticed Sonja
  9703 | Lair:2   | 9703 ||| INVOKING Heroism.
  9714 | Lair:2   | Killed Sonja
  9715 | Lair:2   | 9715 ||| DRINKING 2 potions of curing.
  9715 | Lair:2   | 9715 ||| (to cure poison)
  9997 | Lair:2   | Found a staircase to the Snake Pit.
 10147 | Lair:2   | 10147 ||| RETREEEEATING.
 10148 | Lair:2   | 10148 ||| RETREEEEATING.
 10150 | Lair:2   | Reached skill level 15 in Dodging
 10153 | Lair:2   | Reached *** piety under Okawaru
 10156 | Lair:2   | 10156 ||| RETREEEEATING.
 10157 | Lair:2   | 10157 ||| RETREEEEATING.
 10158 | Lair:2   | 10158 ||| RETREEEEATING.
 10159 | Lair:2   | 10159 ||| RETREEEEATING.
 10160 | Lair:2   | 10160 ||| RETREEEEATING.
 10162 | Lair:2   | 10162 ||| RETREEEEATING.
 10163 | Lair:2   | 10163 ||| RETREEEEATING.
 10164 | Lair:2   | 10164 ||| RETREEEEATING.
 10165 | Lair:2   | 10165 ||| RETREEEEATING.
 10663 | Lair:3   | 10663 ||| READING scroll of enchant armour.
 10663 | Lair:3   | 10663 ||| ENCHANTING +3 steam dragon scales.
 10689 | Lair:3   | Found a staircase to the Shoals.
 10719 | Lair:3   | 10719 ||| RETREEEEATING.
 10720 | Lair:3   | 10720 ||| RETREEEEATING.
 10721 | Lair:3   | 10721 ||| RETREEEEATING.
 10722 | Lair:3   | 10722 ||| INVOKING Heroism.
 10723 | Lair:3   | 10723 ||| DRINKING potion of haste.
 10727 | Lair:3   | 10727 ||| RETREEEEATING.
 10728 | Lair:3   | 10728 ||| RETREEEEATING.
 10729 | Lair:3   | 10729 ||| RETREEEEATING.
 10730 | Lair:3   | 10730 ||| RETREEEEATING.
 10731 | Lair:3   | 10731 ||| RETREEEEATING.
 10732 | Lair:3   | 10732 ||| RETREEEEATING.
 10733 | Lair:3   | 10733 ||| RETREEEEATING.
 10741 | Lair:3   | Reached XP level 12. HP: 61/61 MP: 14/16
 10751 | Lair:3   | Reached skill level 15 in Ranged Weapons
 10836 | Lair:3   | Reached **** piety under Okawaru
 10902 | Lair:3   | 10902 ||| INVOKING Finesse.
 10903 | Lair:3   | 10903 ||| INVOKING Heroism.
 11210 | Lair:3   | Reached skill level 16 in Dodging
 11515 | Lair:3   | 11515 ||| READING 2 scrolls of identify.
 11515 | Lair:3   | 11515 ||| IDENTIFYING scroll labelled FOTANO NIUGA
 11516 | Lair:3   | 11516 ||| READING scroll of identify.
 11516 | Lair:3   | 11516 ||| IDENTIFYING scroll labelled KAEBUN EHARIRI
 11517 | Lair:3   | 11517 ||| DROPPING scroll of poison.
 11518 | Lair:3   | 11518 ||| DROPPING scroll of vulnerability.
 11639 | Lair:4   | Noticed an anaconda
 11640 | Lair:4   | 11640 ||| INVOKING Finesse.
 11641 | Lair:4   | 11641 ||| ZAPPING wand of quicksilver (20) at -2,4
                  | (anaconda; floor).
 11642 | Lair:4   | 11642 ||| ZAPPING wand of quicksilver (19) at -1,2
                  | (anaconda; floor).
 11643 | Lair:4   | 11643 ||| INVOKING Finesse.
 11644 | Lair:4   | 11644 ||| INVOKING Finesse.
 11646 | Lair:4   | Killed an anaconda
 11701 | Lair:4   | 11701 ||| RETREEEEATING.
 11702 | Lair:4   | Noticed Rupert
 11703 | Lair:4   | 11703 ||| RETREEEEATING.
 11704 | Lair:4   | 11704 ||| INVOKING Finesse.
 11710 | Lair:4   | 11710 ||| RETREEEEATING.
 11726 | Lair:4   | 11726 ||| RETREEEEATING.
 11727 | Lair:4   | 11727 ||| INVOKING Heroism.
 11731 | Lair:4   | Killed Rupert
 11737 | Lair:4   | Reached skill level 6 in Invocations
 11741 | Lair:4   | Reached ***** piety under Okawaru
 11820 | Lair:4   | 11820 ||| RETREEEEATING.
 11822 | Lair:4   | 11822 ||| RETREEEEATING.
 11825 | Lair:4   | 11825 ||| RETREEEEATING.
 11839 | Lair:4   | Received a gift from Okawaru
 11875 | Lair:4   | Noticed a catoblepas
 11876 | Lair:4   | 11876 ||| INVOKING Finesse.
 11882 | Lair:4   | Killed a catoblepas
 12041 | Lair:4   | Noticed an anaconda
 12042 | Lair:4   | 12042 ||| RETREEEEATING.
 12044 | Lair:4   | 12044 ||| RETREEEEATING.
 12045 | Lair:4   | 12045 ||| INVOKING Finesse.
 12048 | Lair:4   | Killed an anaconda
 12052 | Lair:4   | Reached XP level 13. HP: 57/65 MP: 13/19
 12264 | Lair:4   | HP: 2/66 [death yak (22)]
 12265 | Lair:4   | 12265 ||| READING 11 scrolls of teleportation.
 12266 | Lair:4   | 12266 ||| DRINKING 7 potions of heal wounds.
 12267 | Lair:4   | 12267 ||| DRINKING 6 potions of heal wounds.
 12573 | Lair:4   | 12573 ||| RETREEEEATING.
 12575 | Lair:4   | 12575 ||| RETREEEEATING.
 12577 | Lair:4   | 12577 ||| RETREEEEATING.
 12580 | Lair:4   | 12580 ||| RETREEEEATING.
 12886 | Lair:4   | 12886 ||| READING scroll labelled RUOG LUN OBISE.
 13017 | Lair:5   | Entered Level 5 of the Lair of Beasts
 13018 | Lair:5   | 13018 ||| PLANNING GAUNTLET
 13036 | Lair:5   | Received a gift from Okawaru
 13043 | Lair:5   | Found a staircase to the Slime Pits.
 13104 | Lair:5   | Found a gate leading to a gauntlet.
 13113 | Gauntlet | Entered a Gauntlet
 13113 | Gauntlet | Found a transporter.
 13113 | Gauntlet | Found a transporter.
 13125 | Gauntlet | Found a transporter.
 13143 | Gauntlet | Found a transporter.
 13143 | Gauntlet | Found a transporter.
 13145 | Gauntlet | Found a transporter.
 13145 | Gauntlet | Found a transporter.
 13146 | Gauntlet | Found a transporter.
 13160 | Gauntlet | Found a transporter.
 13172 | Gauntlet | Found a runed translucent gate.
 13173 | Gauntlet | Found a transporter.
 13173 | Gauntlet | Found a runed translucent gate.
 13174 | Gauntlet | Found a runed translucent gate.
 13183 | Gauntlet | Found a transporter.
 13200 | Gauntlet | Found a transporter.
 13218 | Gauntlet | Found a transporter.
 13230 | Gauntlet | Found a transporter.
 13297 | Gauntlet | Identified the +2 quarterstaff "Dizeiq" {protect, Int+4
                  | Dex+2 Stlth-}
 13449 | Gauntlet | 13449 ||| DRINKING 2 potions of curing.
 13449 | Gauntlet | 13449 ||| (to cure confusion)
 13450 | Gauntlet | Identified the +2 pair of boots "Kuh Fuewk" {Rampage rPois
                  | Dex-3 Slay+3}
 13467 | Gauntlet | Found the +3 Mad Mage's Maulers {Infuse+∞ VampMP -Cast}
 13467 | Gauntlet | Noticed a minotaur
 13468 | Gauntlet | 13468 ||| INVOKING Finesse.
 13480 | Gauntlet | Killed a minotaur
 13481 | Gauntlet | Reached skill level 9 in Invocations
 13574 | Lair:5   | 13574 ||| PLANNING LAIR
 13662 | Lair:5   | 13662 ||| RETREEEEATING.
 13667 | Lair:5   | 13667 ||| RETREEEEATING.
 13668 | Lair:5   | 13668 ||| RETREEEEATING.
 13675 | Lair:5   | 13675 ||| RETREEEEATING.
 13676 | Lair:5   | 13676 ||| RETREEEEATING.
 13680 | Lair:5   | 13680 ||| RETREEEEATING.
 13681 | Lair:5   | 13681 ||| RETREEEEATING.
 13682 | Lair:5   | 13682 ||| RETREEEEATING.
 13683 | Lair:5   | 13683 ||| RETREEEEATING.
 13688 | Lair:5   | 13688 ||| RETREEEEATING.
 13689 | Lair:5   | 13689 ||| RETREEEEATING.
 13692 | Lair:5   | 13692 ||| INVOKING Finesse.
 13694 | Lair:5   | Reached skill level 17 in Dodging
 13704 | Lair:5   | HP: 4/67 [spriggan rider/+0 spear (15)]
 13705 | Lair:5   | 13705 ||| READING 10 scrolls of teleportation.
 13706 | Lair:5   | 13706 ||| DRINKING 5 potions of heal wounds.
 13801 | Lair:5   | 13801 ||| INVOKING Finesse.
 13801 | Lair:5   | HP: 14/67 [poisoned by a hornet]
 13801 | Lair:5   | Slain by a spriggan rider

Levels and vault maps discovered:
D:1:      mrwooster_arrival_statue_2, layout_basic, serial_shops, shop,
          serial_forest, infiniplex_forest_clump_tiny, infiniplex_forest_split,
          infiniplex_forest_lined_3_way, infiniplex_forest_lined_ring,
          infiniplex_forest_corner_1, infiniplex_forest_end_3,
          minmay_pentomino_z4
D:2:      layout_loops_cross, uniq_natasha
D:3:      cheibrodos_fertilizer, layout_basic, cheibrodos_sewer_entry_sluice,
          st_stairs_13, grunt_decor_fettered, uniq_sigmund, uniq_jessica
D:4:      layout_basic, uniq_edmund, uniq_robin, uniq_ijyb, uniq_grinder
D:5:      layout_basic, minmay_temple_entry_water_ring, serial_shops, shop,
          shop, shop, nicolae_nh_oracle_at_delphi, uniq_blork_the_orc
D:6:      layout_loops_ring, kiku_gazebo_pond_becter,
          mainiacjoe_overflow_alcove_1, serial_shops,
          nicolae_shop_hallway_stairs
D:7:      layout_cave_pods, lemuel_round_altar
D:8:      layout_loops_corners, marbit_many_paths,
          chequers_temple_overflow_statue_of_worship,
          hangedman_abyss_or_decor_passed
D:9:      layout_loops_ring, lair_entry_dummy
D:10:     layout_loops_ring, nicolae_overflow_hallway_of_the_gods,
          lemuel_tele_altar
Temple:   hellmonk_temple_divided_pantheon
Lair:1:   layout_cellular_growth, gammafunk_ghost_ooze, serial_bayou_shore_b,
          lemuel_fruit_fields, grunt_megastairs_2
Lair:2:   layout_concentric_octagons, nicolae_snake_entry_warm_welcome,
          infiniplex_staircase_pool_2, uniq_sonja
Lair:3:   layout_misc_corridors, minmay_shoals_entry_lonely_mermaid
Lair:4:   beast_lair_carwin_large_3, layout_regular_city, uniq_rupert
Lair:5:   minmay_lair_end_enchanted_forest, layout_misc_corridors,
          minmay_slime_entry_jelly_boxes, gauntlet_entry_generic,
          lightli_volcano_entry_magma_tube

Skill      XL: |  1  2  3  4  5  6  7  8  9 10 11 12 13 |
---------------+----------------------------------------+-----
Dodging        | 3 4 5 6 7 9 12 15 16 17 | 17.0
Ranged Weapons | 5 6 7 8 14 16 | 16.1
Fighting       | 2 4 5 6 7 |  7.0
Armour         | 1 |  1.0
Invocations    | 4 7 9 |  9.5
Stealth        | |  1.5

Action                     |  1- 3 |  4- 6 |  7- 9 | 10-12 | 13-15 || total
---------------------------+-------+-------+-------+-------+-------++-------
   Fire: Shortbow          |    93 |   189 |    62 |       |       ||   344
         Arbalest          |       |       |   148 |   598 |   195 ||   941
 Invoke: Heroism           |       |       |       |     5 |       ||     5
         Finesse           |       |       |       |     5 |     3 ||     8
  Evoke: Wand              |       |     2 |     4 |     2 |       ||     8
    Use: Scroll            |     2 |     8 |     8 |    11 |     3 ||    32
         Potion            |       |     1 |     1 |     2 |     4 ||     8
 Armour: Robe              |    14 |    32 |    10 |       |       ||    56
         Animal skin       |       |       |     9 |     9 |       ||    18
         Steam dragon scal |       |       |       |    46 |    57 ||   103
  Dodge: Dodged            |    36 |    85 |   102 |   367 |   247 ||   837

Table legend:
 A = Non-vault XP
 B = Vault XP
 C = Vault XP percentage of total XP
 D = Non-vault monster count
 E = Vault monster count
 F = Vault count percentage of total count
                 A         B        C        D         E       F
            +---------+---------+-------+---------+---------+-------
      Total |   33437 |   16704 |  33.3 |     297 |     133 |  30.9
            +---------+---------+-------+---------+---------+-------
        D:1 |      34 |       7 |  17.1 |      21 |       3 |  12.5
        D:2 |     149 |      39 |  20.7 |      21 |       1 |   4.5
        D:3 |      80 |     374 |  82.4 |      12 |      24 |  66.7
        D:4 |     240 |     526 |  68.7 |      24 |      16 |  40.0
        D:5 |     829 |     181 |  17.9 |      25 |       3 |  10.7
        D:6 |    1264 |       0 |   0.0 |      23 |       0 |   0.0
        D:7 |    1002 |       0 |   0.0 |      17 |       0 |   0.0
        D:8 |    2859 |     130 |   4.3 |      36 |       1 |   2.7
        D:9 |    1108 |       0 |   0.0 |      23 |       0 |   0.0
       D:10 |     742 |       0 |   0.0 |      13 |       0 |   0.0
     Lair:1 |    1784 |    2638 |  59.7 |       6 |      11 |  64.7
     Lair:2 |    2412 |    1436 |  37.3 |      13 |       4 |  23.5
     Lair:3 |    5558 |     474 |   7.9 |      20 |       1 |   4.8
     Lair:4 |   11815 |    5454 |  31.6 |      33 |      12 |  26.7
     Lair:5 |    3561 |    1629 |  31.4 |      10 |      19 |  65.5
      Sewer |       0 |     224 | 100.0 |       0 |      28 | 100.0
   Gauntlet |       0 |    3592 | 100.0 |       0 |      10 | 100.0
            +---------+---------+-------+---------+---------+-------
